 Dungeon Crawl Stone Soup version 0.26.1-2-gb8aa6d0cf2 (webtiles) character file.

Game seed: 11664618186070351195

466 hawla the Conjurer (level 6, 0/49 HPs)
             Began as a Draconian Conjurer on Feb 8, 2021.
             Was an Initiate of Ashenzari.
             Slain by a gnoll
             ... wielding a +0 spear
              (4 damage)
             ... on level 5 of the Dungeon on Feb 9, 2021.
             The game lasted 00:12:03 (5399 turns).

hawla the Conjurer (Draconian Conjurer)             Turns: 5399, Time: 00:12:03

Health: 0/49       AC:  6    Str: 12    XL:     6   Next: 81%
Magic:  2/11       EV: 12    Int: 20    God:    Ashenzari [......]
Gold:   164        SH:  0    Dex:  9    Spells: 4/12 levels left

rFire    . . .     SeeInvis .   m - +0 quarterstaff
rCold    . . .     Faith    .   (shield currently unavailable)
rNeg     . . .     Spirit   .   (armour unavailable)
rPois    .         Reflect  .   (helmet restricted)
rElec    .         Harm     .   (no cloak)
rCorr    .         Rampage  .   (no gloves)
Will     .....                  (no boots)
Stlth    ++........             (no amulet)
HPRegen  0.16/turn              (no ring)
MPRegen  0.12/turn              (no ring)

@: hasted, very quick
A: unfitting armour, robust 1, strong 1, cold-blooded, AC +6
a: Renounce Religion, Curse Item


You were on level 5 of the Dungeon.
You worshipped Ashenzari.
Ashenzari was noncommittal.
You visited 1 branch of the dungeon, and saw 5 of its levels.

You collected 164 gold pieces.

Inventory:

Hand Weapons
 m - a +0 quarterstaff (weapon)
Missiles
 f - 20 poisoned darts (quivered)
Wands
 k - a wand of flame (14)
Scrolls
 e - 3 scrolls of remove curse
 j - 4 scrolls of teleportation
Potions
 b - 3 potions of curing
 i - a potion of might {unknown}


   Skills:
 + Level 1.2 Staves
 - Level 1.7 Dodging
 - Level 1.7 Stealth
 + Level 3.6 Spellcasting
 * Level 6.3 Conjurations
 * Level 3.2 Translocations


You had 4 spell levels left.
You knew the following spells:

 Your Spells              Type           Power        Failure   Level
a - Magic Dart            Conj           100%         1%          1
b - Searing Ray           Conj           58%          1%          2
c - Iskenderun's Mystic   Conj/Tloc      22%          19%         4
d - Apportation           Tloc           32%          3%          1

Your spell library contained the following spells:

 Spells                   Type           Power        Failure   Level
 Dazzling Flash           Conj/Hex       32%          11%         3
 Animate Skeleton         Necr           6%           14%         1
 Corona                   Hex            3%           14%         1
 Summon Small Mammal      Summ           12%          14%         1
 Fulminant Prism          Conj/Hex       8%           34%         4


Dungeon Overview and Level Annotations

Branches:
Dungeon (5/15)
 Temple: D:4-7

Altars:
Ashenzari
Elyvilon
Makhleb
Okawaru
Ru

Annotations:
D:1 potion across the water


Innate Abilities, Weirdness & Mutations

Your plain brown scales are hard. (AC +6)
You cannot fit into any form of body armour.
You are cold-blooded and may be slowed by cold attacks.
You are robust. (+10% HP)
Your muscles are strong. (Str +2)


Message History

The gnoll hits you from afar with a +0 spear.
The hound bites you but does no damage.
The gnoll shaman calls upon its god to heal the gnoll.
The gnoll is healed somewhat.
The hound bites you. The gnoll sergeant closely misses you.
The gnoll hits you from afar with a +0 spear.
It was a potion of mutation.
You feel extremely strange.
You feel robust.
You feel stronger.
The gnoll barely misses you. x2; The hound closely misses you.
The gnoll shaman calls upon its god to heal the gnoll.
The gnoll is healed somewhat.
The gnoll sergeant closely misses you.
It was a potion of haste.
You feel yourself speed up. The gnoll closely misses you. The hound bites you.
* * * LOW HITPOINT WARNING * * *
The gnoll hits you from afar with a +0 spear.
* * * LOW HITPOINT WARNING * * *
The gnoll barely misses you. The hound bites you.
* * * LOW HITPOINT WARNING * * *
The gnoll hits you from afar with a +0 spear.
You die...

...... ......##.
....... ...#.# [.
#....# .Z.. ##....+
∩ ....# ##.g...#
....##.gg.@.# ...
#.....Zgh#.......
.g.#
#...gZgg#######.
...## ##....o###
[...####....oZ#
.....##....).####
................##
.#..............[.#
.##)..(...####......


You could see a gnoll sergeant, a gnoll shaman, a hound, 5 gnolls, 2 orcs, 2
adder zombies and a leopard gecko skeleton.

Vanquished Creatures
  2 hounds (D:5)
  2 orc priests
  2 iguanas
  An orc wizard (D:5)
  13 gnolls
  4 adders
  2 worms
  A dart slug (D:4)
  3 leopard geckos
  4 orcs (D:3)
  5 giant cockroaches
  7 goblins
  6 hobgoblins
  13 jackals
  3 quokkas
  A ball python (D:3)
  7 bats
  6 frilled lizards
  11 kobolds
  A leopard gecko skeleton (D:4)
  2 quokka skeletons
  8 rats
104 creatures vanquished.

Notes
Turn   | Place    | Note
-------+----------+-------------------------------------------
     0 | D:1      | hawla the Draconian Conjurer began the quest for the Orb.
     0 | D:1      | Reached XP level 1. HP: 14/14 MP: 3/3
   151 | D:1      | You fall into a shaft and drop 1 floor!
   553 | D:1      | Reached XP level 2. HP: 20/20 MP: 1/5
   556 | D:1      | Learned a level 2 spell: Searing Ray
  1153 | D:2      | Reached XP level 3. HP: 26/26 MP: 3/6
  1603 | D:2      | Found an iron altar of Okawaru.
  1611 | D:2      | Reached skill level 5 in Conjurations
  2518 | D:3      | Reached XP level 4. HP: 33/33 MP: 0/8
  2523 | D:3      | Learned a level 4 spell: Iskenderun's Mystic Blast
  2990 | D:3      | Learned a level 1 spell: Apportation
  3216 | D:3      | Reached skill level 1 in Translocations
  3241 | D:1      | Reached XP level 5. HP: 22/38 MP: 0/9
  4464 | D:4      | Found a sacrificial altar of Ru.
  4470 | D:4      | Found a broken altar of Ashenzari.
  4475 | D:4      | Found a burning altar of Makhleb.
  4698 | D:4      | Became a worshipper of Ashenzari the Shackled
  4799 | D:4      | Reached skill level 6 in Conjurations
  4799 | D:4      | Reached XP level 6. HP: 45/45 MP: 7/11
  5234 | D:5      | Entered Level 5 of the Dungeon
  5341 | D:5      | Found a white marble altar of Elyvilon.
  5391 | D:5      | Reached skill level 1 in Staves
  5398 | D:5      | Gained mutation: You are robust. (+10% HP) [potion of
                  | mutation]
  5398 | D:5      | Gained mutation: Your muscles are strong. (Str +2) [potion
                  | of mutation]
  5399 | D:5      | Slain by a gnoll

Illustrated notes

Levels and vault maps discovered:
D:1:      wander_arrival_lonely_grave, layout_rooms,
          corexii_item_surrounded_by_moat, minmay_tromino_v2
D:2:      layout_basic, okawaru_gym_becter, serial_rivers,
          chequers_serial_rivers_micro_d, chequers_serial_rivers_micro_e,
          chequers_serial_rivers_micro_e, chequers_serial_rivers_micro_c,
          chequers_serial_rivers_micro_a
D:3:      layout_loops_corners
D:4:      layout_loops_corners, minmay_overflow_temple_star_quad
D:5:      layout_cave_pools, elyvilon_altar_5, minmay_temple_entry_fiery,
          enter_ossuary_2, serial_gnoll_camp, gnoll_camp_huts_basic,
          gnoll_camp_mini_doghouse, gnoll_camp_mini_doghouse,
          gnoll_camp_medium_01, kennysheep_generic_room_13

Skill      XL: |  1  2  3  4  5  6 |
---------------+-------------------+-----
Conjurations   | 5 6 |  6.3
Spellcasting   | 3 |  3.6
Translocations | 1 2 3 |  3.2
Staves         | 1 |  1.2
Dodging        | |  1.7
Stealth        | |  1.7

Action                   |  1- 3 |  4- 6 || total
-------------------------+-------+-------++-------
Melee: Unarmed           |    41 |       ||    41
       Tailslap          |     4 |     1 ||     5
       Dagger            |       |     5 ||     5
       Quarterstaff      |       |     7 ||     7
 Cast: Magic Dart        |    52 |    32 ||    84
       Searing Ray       |    17 |    24 ||    41
       Apportation       |       |     1 ||     1
       Iskenderun's Myst |       |     5 ||     5
  Use: Scroll            |     3 |     3 ||     6
       Potion            |       |     6 ||     6
Armor: Skin              |    20 |    20 ||    40
Dodge: Dodged            |    31 |    59 ||    90
